Map: Ephemeron LE

Players

jheffe - Winner!

  • Race: Protoss Protoss
  • League: Master
  • Spawn Location: 11:00

A.I. 2 (Very Hard)

  • Race: Terran Terran
  • Spawn Location: 5:00

VOD

Have the link to the VOD?

Description

Beginner build for Protoss from coaching session.

Time

  • Played on: Jan. 7, 2020, 3:52 p.m.
  • Length: 13:26
Show
View Real Time Build Order
Export as new Build Order

jheffe Protoss - Winner!

Build Orders: 1 Gate Expand, Oracle Opening 

Get SALT Encoding   

  12  0:00  Probe  
  13  0:12  Probe  
  14  0:18  Pylon  
  14  0:25  Probe (Chrono Boost)  
  15  0:37  Probe (Chrono Boost)  
  15  0:41  Gateway  
  16  0:45  Probe (Chrono Boost)  
  16  0:47  Assimilator  
  17  0:52  Probe  
  18  1:04  Probe  
  19  1:17  Probe  
  20  1:28  Nexus  
  20  1:37  Cybernetics Core  
  20  1:47  Probe  
  20  1:48  Pylon  
  20  1:52  Assimilator  
  22  2:01  Probe (Chrono Boost)  
  22  2:11  Adept (Chrono Boost)  
  22  2:13  Probe (Chrono Boost)  
  25  2:18  Stargate  
  25  2:19  Probe (Chrono Boost)  
  26  2:25  Warp Gate  
  26  2:33  Adept  
  28  2:39  Probe (Chrono Boost)  
  28  2:43  Probe (Chrono Boost)  
  31  2:53  Probe (Chrono Boost)  
  31  2:54  Probe (Chrono Boost)  
  31  2:58  Probe (Chrono Boost)  
  32  3:01  Probe  
  32  3:02  Oracle (Chrono Boost)  
  32  3:03  Adept  
  39  3:14  Probe x2  
  41  3:25  Pylon  
  41  3:26  Probe  
  42  3:27  Probe  
  43  3:35  Gateway  
  43  3:36  Gateway  
  43  3:38  Probe  
  43  3:39  Probe  
  45  3:49  Twilight Council  
  45  3:50  Probe  
  45  3:51  Probe  
  47  4:03  Probe  
  47  4:04  Probe  
  47  4:05  Assimilator  
  47  4:07  Assimilator  
  49  4:15  Probe  
  49  4:16  Probe  
  51  4:20  Pylon, Blink (Chrono Boost)  
  51  4:31  Stalker  
  53  4:35  Nexus  
  53  4:39  Stalker x2  
  53  4:42  Pylon  
  53  4:45  Probe, Pylon  
  58  4:56  Probe  
  58  4:58  Probe  
  60  5:04  Forge  
  60  5:05  Stalker x2  
  64  5:08  Probe  
  64  5:09  Stalker  
  64  5:12  Probe  
  68  5:20  Probe  
  69  5:24  Robotics Facility, Probe  
  70  5:31  Protoss Ground Weapons Level 1 (Chrono Boost)  
  70  5:32  Probe, Pylon  
  71  5:35  Sentry  
  71  5:36  Sentry x2, Probe  
  78  5:47  Probe  
  78  5:48  Probe  
  80  5:56  Probe  
  80  5:57  Gateway x2  
  81  5:59  Gateway  
  81  6:00  Pylon  
  81  6:01  Charge (Chrono Boost)  
  81  6:05  Shield Battery, Probe  
  81  6:08  Probe  
  83  6:14  Probe  
  83  6:17  Warp Prism, Probe  
  87  6:20  Stalker  
  87  6:23  Stalker  
  91  6:26  Stalker  
  91  6:27  Probe  
  91  6:28  Probe  
  91  6:31  Probe  
  96  6:39  Probe, Pylon  
  97  6:45  Stalker  
  97  6:46  Stalker  
  101  6:52  Pylon  
  99  6:55  Stalker x4  
  107  7:02  Assimilator  
  107  7:06  Assimilator  
  107  7:09  Robotics Facility  
  107  7:14  Robotics Bay  
  107  7:15  Pylon  
  107  7:18  Stalker x3  
  107  7:19  Stalker x2  
  107  7:20  Probe  
  107  7:22  Probe  
  119  7:23  Probe  
  120  7:31  Protoss Ground Weapons Level 2 (Chrono Boost)  
  120  7:32  Zealot  
  120  7:33  Probe  
  120  7:34  Probe  
  124  7:37  Forge  
  124  7:39  Observer (Chrono Boost)  
  125  7:46  Zealot  
  125  7:47  Zealot x3  
  125  7:49  Extended Thermal Lance (Chrono Boost)  
  133  8:01  Nexus  
  133  8:03  Pylon  
  133  8:16  Protoss Ground Armor Level 1 (Chrono Boost)  
  133  8:17  Pylon  
  133  8:18  Colossus (Chrono Boost)  
  133  8:23  Pylon x2  
  139  8:27  Pylon  
  139  8:29  Colossus (Chrono Boost)  
  141  8:40  Pylon  
  141  8:42  Pylon  
  141  8:45  Stalker x2  
  145  8:50  Templar Archives  
  145  8:52  Zealot  
  147  9:05  Stalker x3  
  157  9:12  Colossus (Chrono Boost)  
  157  9:13  Colossus (Chrono Boost)  
  159  9:27  Zealot  
  159  9:28  Zealot x4  
  157  9:40  Zealot  
  157  9:48  Psionic Storm  
  157  9:49  Gateway x2  
  157  9:52  Gateway, Probe x3  
  160  9:53  Probe  
  160  9:59  Shield Battery  
  161  10:00  High Templar x2  
  161  10:01  Shield Battery, Zealot x4  
  161  10:04  Probe  
  161  10:05  Warp Prism (Chrono Boost)  
  176  10:15  Probe  
  177  10:31  Nexus  
  177  10:34  Pylon  
  177  10:36  Warp Prism  
  179  10:46  High Templar x2  
  179  10:47  High Templar x2  
  179  10:49  Protoss Ground Armor Level 2 (Chrono Boost)  
  187  10:52  Gateway  
  170  11:11  Zealot x2  
  170  11:12  Zealot x3  
  178  11:21  Immortal  
  178  11:22  Immortal  
  184  11:27  Assimilator, Probe  
  184  11:30  Zealot x4  
  184  11:31  Assimilator  
  193  11:51  Stalker x2  
  193  11:52  Stalker  
  197  12:03  Shield Battery  
  197  12:05  Shield Battery  
  197  12:06  Shield Battery  
  197  12:08  Pylon, High Templar  
  197  12:11  Pylon  
  199  12:19  Photon Cannon  
  199  12:22  Photon Cannon  
  199  12:24  Photon Cannon x2  
  199  12:25  Photon Cannon  
  199  12:27  Photon Cannon x2  
  199  12:28  Assimilator, Pylon  
  199  12:30  Pylon  
  199  12:32  Assimilator  
  199  12:33  Pylon  
  199  12:35  Pylon, Stargate  
  199  12:36  Stargate  
  199  12:52  Gateway  
  199  12:54  Gateway  
  199  13:00  Gateway x2  
  199  13:03  Gateway  
  199  13:05  Gateway  
Show
View Real Time Build Order
Export as new Build Order

A.I. 2 (Very Hard) Terran 

Build Orders:  

Get SALT Encoding   

  12  0:00  SCV  
  13  0:13  SCV  
  14  0:18  Supply Depot  
  14  0:25  SCV  
  15  0:40  SCV  
  16  0:43  Barracks  
  16  0:52  SCV  
  17  1:04  SCV  
  18  1:16  SCV  
  19  1:20  Command Center  
  19  1:33  Marine  
  19  1:37  Orbital Command  
  20  1:49  Supply Depot  
  20  1:51  Marine  
  20  1:54  Refinery  
  21  2:03  SCV  
  22  2:09  Marine  
  22  2:12  Barracks  
  22  2:15  SCV  
  24  2:20  Refinery  
  24  2:27  Marine, SCV  
  26  2:31  Supply Depot  
  26  2:33  SCV  
  27  2:46  Orbital Command  
  27  2:49  Marine  
  27  2:50  SCV  
  29  3:01  Factory  
  29  3:03  SCV  
  29  3:04  Marine  
  31  3:08  Marine  
  31  3:12  SCV  
  33  3:15  SCV  
  34  3:22  Marine  
  34  3:24  SCV  
  34  3:26  Marine  
  37  3:27  SCV  
  37  3:31  Barracks  
  38  3:36  SCV  
  38  3:39  SCV  
  40  3:41  Barracks Tech Lab  
  40  3:44  Barracks Tech Lab  
  40  3:45  Factory Tech Lab  
  40  3:49  Starport, SCV  
  40  3:51  SCV  
  42  3:59  Marine  
  42  4:00  Stimpack  
  42  4:02  SCV  
  44  4:03  Combat Shield, Marine  
  44  4:04  SCV  
  44  4:08  Supply Depot  
  46  4:15  SCV  
  46  4:16  SCV  
  48  4:18  Marine  
  48  4:19  Marine  
  48  4:21  Marine  
  51  4:27  SCV  
  51  4:28  Supply Depot, SCV  
  53  4:32  Medivac  
  55  4:39  SCV  
  55  4:40  SCV  
  55  4:43  Supply Depot, Marine  
  55  4:44  Siege Tank  
  55  4:45  Marine  
  62  4:49  Marine  
  62  4:51  SCV  
  64  4:53  SCV  
  64  4:54  Supply Depot  
  64  4:59  Engineering Bay  
  65  5:01  Marauder  
  65  5:03  Refinery  
  65  5:04  Marauder  
  65  5:05  SCV  
  70  5:09  SCV  
  70  5:13  Refinery, Barracks Reactor  
  71  5:17  SCV  
  72  5:23  Marauder  
  72  5:25  Marauder  
  72  5:26  SCV  
  72  5:28  Supply Depot  
  77  5:29  SCV  
  78  5:37  Siege Tank  
  78  5:38  SCV  
  78  5:41  SCV  
  83  5:44  Marauder  
  87  5:50  SCV, Marauder  
  87  5:51  Supply Depot  
  87  5:53  SCV  
  89  5:57  Engineering Bay  
  89  6:01  Missile Turret  
  89  6:03  Terran Infantry Weapons Level 1  
  89  6:04  Missile Turret  
  89  6:06  Marauder  
  89  6:09  Siege Tank  
  89  6:10  Barracks  
  94  6:13  Marauder  
  94  6:15  Supply Depot  
  96  6:23  Concussive Shells  
  96  6:26  Missile Turret  
  96  6:27  Marauder  
  98  6:34  Marauder  
  98  6:36  Terran Infantry Armor Level 1  
  98  6:39  Supply Depot  
  99  6:40  Starport Reactor  
  99  6:41  Siege Tank  
  101  6:50  Missile Turret  
  101  6:52  Marauder  
  103  6:56  Marauder  
  105  7:07  Command Center  
  105  7:10  Supply Depot  
  105  7:12  Missile Turret  
  105  7:13  Siege Tank  
  108  7:16  Medivac  
  110  7:35  Supply Depot  
  110  7:43  Barracks  
  110  7:45  Widow Mine  
  112  7:52  Medivac  
  112  7:56  Marine x2  
  112  7:57  Marine  
  117  7:58  Supply Depot  
  117  7:59  Marine  
  117  8:00  Marine  
  118  8:07  Widow Mine  
  118  8:08  Factory  
  118  8:10  Missile Turret  
  120  8:14  Marine  
  120  8:19  SCV x3  
  124  8:20  Starport  
  124  8:24  Refinery  
  124  8:26  Hi-Sec Auto Tracking  
  124  8:28  Siege Tank  
  124  8:31  SCV  
  124  8:32  SCV x2  
  124  8:33  Missile Turret  
  130  8:36  Missile Turret, Command Center  
  130  8:38  Armory  
  130  8:39  Refinery  
  130  8:43  SCV  
  130  8:45  Orbital Command  
  130  8:48  SCV  
  132  8:52  Factory Tech Lab  
  132  8:55  SCV  
  133  8:57  Starport Tech Lab  
  133  9:00  Widow Mine, SCV  
  135  9:07  Armory, SCV  
  137  9:10  Widow Mine  
  137  9:12  SCV  
  137  9:13  SCV  
  137  9:16  Raven  
  141  9:17  Supply Depot  
  141  9:19  SCV  
  142  9:24  SCV  
  142  9:25  Marauder, SCV  
  142  9:26  Terran Vehicle Weapons Level 1, Marauder  
  142  9:27  Terran Infantry Weapons Level 2  
  142  9:29  Marine  
  142  9:30  Marine  
  128  9:31  Marine, SCV  
  128  9:33  Marine  
  90  9:46  Marauder  
  90  9:47  Marine x2, Marauder  
  90  9:49  Marine  
  90  9:51  Marine  
  94  9:54  Terran Vehicle And Ship Armor Level 1  
  94  9:57  Siege Tank  
  97  10:01  Siege Tank  
  97  10:05  Marine, SCV  
  97  10:06  SCV  
  103  10:07  SCV  
  103  10:08  Marauder  
  103  10:09  SCV, Marauder  
  103  10:11  Marine  
  110  10:17  SCV  
  110  10:20  Viking  
  113  10:24  Viking  
  113  10:26  Viking  
  117  10:29  Siege Tank, Marauder  
  117  10:30  Marauder  
  117  10:31  SCV  
  114  10:50  Viking, Marauder  
  114  10:51  Marauder  
  114  10:53  SCV  
  114  10:54  Viking, SCV x2  
  114  10:56  Viking  
  127  11:02  Marine  
  117  11:05  SCV  
  117  11:07  Marine x3  
  90  11:12  Marine, Marauder  
  90  11:15  SCV x2  
  90  11:18  SCV  
  87  11:20  Viking  
  87  11:23  Siege Tank  
  87  11:25  Marine  
  74  11:27  SCV x2  
  74  11:31  Marine x2, Marauder  
  69  11:33  Marauder  
  69  11:39  SCV x2  
  58  11:48  Marine  
  58  11:49  Marine  
  58  11:52  Marauder  
  55  11:56  SCV  
  55  12:01  SCV  
  43  12:06  Marine  
  25  12:08  SCV  
  25  12:12  Marine  
  25  12:13  Marauder, SCV  
  18  12:24  Marine  
  18  12:25  SCV  
  10  12:37  SCV  
  6  13:06  Command Center  
Tags
 
Add a new tag
Caveats
  • Supply blocks, unpowered buildings, or Contaminate may cause inaccurate times.
  • Supply counts are checked every 10 seconds.